 Dungeon Crawl Stone Soup version 0.28.0 (webtiles) character file.

Game seed: 1107162681445292635

8340 Crownlay the Cleaver (level 11, -7/78 (92) HPs)
             Began as a Hill Orc Fighter on Feb 18, 2022.
             Was an Elder of Okawaru.
             Mangled by a wight (10 damage)
             ... on level 10 of the Dungeon.
             The game lasted 00:22:59 (11103 turns).

Crownlay the Cleaver (Hill Orc Fighter)            Turns: 11103, Time: 00:22:59

HP:   -7/78 (92)    AC: 19    Str: 26    XL:     11   Next: 29%
MP:   16/16         EV:  7    Int:  8    God:    Okawaru [****..]
Gold: 461           SH:  6    Dex: 10    Spells: 10/10 levels left

rFire   . . .      SeeInvis +   a - +0 war axe
rCold   . . .      Faith    .   c - +0 buckler
rNeg    . . .      Spirit   .   z - +0 plate armour
rPois   .          Reflect  .   q - +0 helmet of the Verdant Albatross {Rampage Str+2}
rElec   .          Harm     .   t - scarf {repulsion}
rCorr   +          Rampage  +   f - +0 pair of gloves
Will    .....                   j - +1 pair of boots
Stlth   ..........              K - amulet of regeneration
HPRegen 1.03/turn               k - ring of resist corrosion
MPRegen 0.15/turn               G - ring of see invisible

@: heavily drained, repel missiles
A: no striking features
a: Renounce Religion, Heroism, Finesse


You were on level 10 of the Dungeon.
You worshipped Okawaru.
Okawaru was greatly pleased with you.
You visited 2 branches of the dungeon, and saw 11 of its levels.
You also visited: Sewer.

You collected 509 gold pieces.
You spent 48 gold pieces at shops.

Inventory:

Hand Weapons
 a - a +0 war axe (weapon)
Armour
 c - a +0 buckler (worn)
 f - a +0 pair of gloves (worn)
 j - a +1 pair of boots (worn)
 q - the +0 helmet of the Verdant Albatross (worn) {Rampage Str+2}
   (You found it on level 4 of the Dungeon)

   Str:       It affects your strength (+2).
   Rampage:   It bestows one free step when moving towards enemies.
 t - a scarf of repulsion (worn)
 z - a +0 plate armour (worn)
Jewellery
 d - a ring of ice
 k - a ring of resist corrosion (left hand)
 C - a ring of ice
 F - a ring of fire
 G - a ring of see invisible (right hand)
 K - an amulet of regeneration (around neck)
Wands
 b - a wand of charming (5)
 D - a wand of polymorph (26)
 O - a wand of paralysis (2)
Scrolls
 g - 5 scrolls of fog
 h - a scroll of identify
 i - 2 scrolls of holy word
 o - a scroll of brand weapon {unknown}
 r - 2 scrolls of magic mapping
 s - 3 scrolls of blinking
 y - 2 scrolls of fear
 B - 3 scrolls of teleportation
 H - a scroll of acquirement {unknown}
 I - 2 scrolls of vulnerability
 L - a scroll of summoning {unknown}
 M - a scroll of noise {unknown}
 N - 3 scrolls of enchant armour {unknown}
 P - a scroll of enchant weapon {unknown}
Potions
 e - 2 potions of lignification
 l - 3 potions of attraction
 m - 4 potions of curing
 n - a potion of flight {unknown}
 p - 2 potions of invisibility
 u - 6 potions of heal wounds
 v - a potion of ambrosia {unknown}
 w - 3 potions of cancellation
 x - a potion of haste {unknown}
 A - a potion of mutation {unknown}
 E - 2 potions of might
 J - a potion of berserk rage {unknown}


   Skills:
 + Level 7.5 Fighting
 - Level 14.0 Axes
 + Level 9.2 Armour
 + Level 9.2 Shields
 + Level 7.1 Invocations


You had 10 spell levels left.
You didn't know any spells.
Your spell library contained the following spells:

 Spells                   Type           Power      Damage    Failure   Level
 Pain                     Necr           0%         1d4       99%         1
 Sandblast                Erth           0%         2d4       99%         1
 Corpse Rot               Necr/Air       0%         N/A       100%        2
 Passwall                 Tmut/Erth      0%         N/A       100%        2
 Poisonous Vapours        Pois/Air       0%         N/A       100%        2
 Confusing Touch          Hex            0%         N/A       100%        3
 Conjure Flame            Conj/Fire      0%         6-21      100%        3
 Ignite Poison            Fire/Tmut/Pois 0%         N/A       100%        3
 Mephitic Cloud           Conj/Pois/Air  0%         N/A       100%        3
 Stone Arrow              Conj/Erth      0%         3d7       100%        3
 Sticky Flame             Conj/Fire      0%         2d3       100%        4
 Agony                    Necr           0%         N/A       100%        5
 Excruciating Wounds      Necr           0%         N/A       100%        5
 Fireball                 Conj/Fire      0%         3d3       100%        5
 Freezing Cloud           Conj/Ice/Air   0%         6-21      100%        5
 Iskenderun's Battlesphe  Conj           0%         2d6       100%        5
 Yara's Violent Unravell  Hex/Tmut       0%         3d3       100%        5
 Conjure Ball Lightning   Conj/Air       0%         3x3d6     100%        6
 Enfeeble                 Hex            0%         N/A       100%        7
 Orb of Destruction       Conj           0%         9d5       100%        7


Dungeon Overview and Level Annotations

Branches:
Dungeon (10/15)            Temple (1/1) D:7            Lair (0/6) D:9
  Sewer (visited)
    Orc: D:9-12

Altars:
Ashenzari
Cheibriados
Dithmenos
Elyvilon
Fedhas
Gozag
Hepliaklqana
Kikubaaqudgha
Makhleb
Nemelex Xobeh
Okawaru
Ru
Sif Muna
Trog
Uskayaw
Wu Jian
Xom
Yredelemnul
Zin
The Shining One

Shops:
D:5 *   D:6 !


Message History

The wight is severely damaged.
The wight hits you with a +3 morningstar.
You feel drained.
You hit the wight but do no damage.
The wight is severely damaged.
You block the wight's attack.
You hit the wight.
The wight is almost destroyed.
You block the wight's attack.
You completely miss the wight.
The wight is almost destroyed.
The wight hits you with a +3 morningstar.
You feel drained.
You barely miss the wight.
The wight is almost destroyed.
You hit the wight.
You destroy the wight!
Okawaru accepts your kill.
You barely miss the wight. The wight hits you with a +0 scimitar!
You hit the wight.
The wight is moderately damaged.
The wight barely misses you.
You closely miss the wight.
The wight is moderately damaged.
The wight hits you with a +0 scimitar!
* * * LOW HITPOINT WARNING * * *
You feel drained.
* * * LOW HITPOINT WARNING * * *
You hit the wight.
The wight is heavily damaged.
You hit the wight.
The wight is severely damaged.
The wight hits you with a +0 scimitar!
* * * LOW HITPOINT WARNING * * *
You feel drained.
* * * LOW HITPOINT WARNING * * *
You hit the wight but do no damage.
The wight is severely damaged.
The wight hits you with a +0 scimitar!
You die...

........^.#.##..#.....#........##
.......#........#.#.###.........#
.##...####.......................
......# ##.#.#.#.#.###.##......#
.....## #...##.#.....#.##......#
#.....# #....<.###.#.#....##....
##....####........#.#.....##.....
#..[....#..##...###.###.## #.....
......#.##......@zz.....####.#.##
#..####.#.......#####....#...####
#..####....###...# #.........###
...........# ##..####........<#..
..........)####.>.##..........>..
..........)))###.................
............).....#...(......##.)
................###........#..#..
........(........###.......##.#.#


You could see 2 wights.

Vanquished Creatures
  A two-headed ogre (D:10)
  Maurice (D:9)
  Maggie (D:9)
  An unseen horror (D:10)
  Grinder (D:3)
  A wyvern (D:8)
  A vampire (D:9)
  8 yaks
  2 steam dragons
  An acid dragon (D:10)
  4 water moccasins
  6 orc warriors
  An ice beast (D:6)
  An ogre (D:6)
  4 sky beasts
  3 necrophages
  2 centaurs (D:9)
  3 kobold brigands
  A phantom (D:4)
  4 bullfrogs
  3 scorpions (D:5)
  20 killer bees
  4 wights
  A howler monkey (D:5)
  2 bullfrog zombies
  5 hounds
  A jelly (D:8)
  7 orc priests
  A bullfrog skeleton (D:5)
  A gnoll shaman (D:7)
  4 iguanas
  6 orc wizards
  2 killer bee zombies
  A hound zombie (D:5)
  A howler monkey zombie (D:7)
  10 adders
  8 gnolls
  5 river rats (Sewer)
  2 worms (D:2)
  3 dart slugs
  29 orcs
  18 ball pythons
  5 endoplasms
  6 giant cockroaches
  8 goblins
  8 hobgoblins
  4 jackals (D:1)
  2 quokkas (D:1)
  9 bats
  3 frilled lizards
  17 kobolds
  17 rats
260 creatures vanquished.

Vanquished Creatures (others)
  4 fungi (D:9)
  2 plants (D:9)
6 creatures vanquished.

Grand Total: 266 creatures vanquished

Notes
Turn   | Place    | Note
-------+----------+-------------------------------------------
     0 | D:1      | Crownlay the Hill Orc Fighter began the quest for the Orb.
     0 | D:1      | Reached XP level 1. HP: 19/19 MP: 1/1
    85 | D:1      | Reached skill level 3 in Axes
    88 | D:1      | Reached XP level 2. HP: 18/27 MP: 2/2
   444 | D:1      | Reached skill level 4 in Axes
   446 | D:1      | Reached XP level 3. HP: 33/33 MP: 3/3
  1387 | D:2      | Reached XP level 4. HP: 37/41 MP: 4/4
  1488 | D:2      | Reached skill level 5 in Axes
  1690 | D:2      | You fall into a shaft and drop 2 floors!
  1881 | D:4      | Identified the +0 helmet of the Verdant Albatross {Rampage
                  | Str+2}
  2071 | D:3      | Found a faded altar of an unknown god.
  2135 | D:3      | Found a glowing drain.
  2157 | D:3      | Reached XP level 5. HP: 35/47 MP: 5/5
  2178 | Sewer    | Entered a sewer
  2270 | Sewer    | Reached skill level 5 in Fighting
  2270 | Sewer    | Reached skill level 6 in Axes
  2759 | Sewer    | Reached skill level 7 in Axes
  2759 | Sewer    | Reached XP level 6. HP: 20/56 MP: 6/6
  3273 | D:3      | Noticed Grinder
  3281 | D:3      | Paralysed by Grinder for 5 turns
  3295 | D:3      | Paralysed by Grinder for 7 turns
  3329 | D:3      | HP: 1/57 [Grinder (3)]
  3332 | D:3      | Killed Grinder
  3333 | D:3      | Reached skill level 8 in Axes
  3333 | D:3      | Reached XP level 7. HP: 1/63 MP: 7/7
  4310 | D:4      | Paralysed by an orc for 6 turns
  4480 | D:4      | Found a shimmering altar of Xom.
  5069 | D:5      | Entered Level 5 of the Dungeon
  5327 | D:5      | Reached skill level 9 in Axes
  5484 | D:5      | Found Zin's Purification Station.
  5486 | D:5      | Found a glowing silver altar of Zin.
  5588 | D:5      | Reached XP level 8. HP: 70/70 MP: 8/8
  5707 | D:5      | Reached skill level 10 in Axes
  5707 | D:5      | Reached skill level 5 in Armour
  5707 | D:5      | Reached skill level 5 in Shields
  6210 | D:5      | Reached skill level 11 in Axes
  6462 | D:5      | Found an opulent altar of Gozag.
  6723 | D:6      | Reached XP level 9. HP: 49/75 MP: 9/9
  7168 | D:6      | Found Awonah's Distillery.
  7176 | D:6      | Bought a potion of attraction for 36 gold pieces
  7176 | D:6      | Bought a potion of degeneration for 12 gold pieces
  7363 | D:6      | Reached skill level 12 in Axes
  7997 | D:7      | Found a staircase to the Ecumenical Temple.
  8007 | Temple   | Entered the Ecumenical Temple
  8082 | Temple   | Became a worshipper of Warmaster Okawaru
  8128 | D:7      | Reached skill level 1 in Invocations
  8603 | D:8      | Reached skill level 13 in Axes
  8695 | D:8      | Reached XP level 10. HP: 82/83 MP: 11/11
  8754 | D:8      | Reached * piety under Okawaru
  9232 | D:8      | Found a shadowy altar of Dithmenos.
  9488 | D:9      | Noticed Maggie
  9570 | D:9      | Reached ** piety under Okawaru
  9582 | D:8      | Reached skill level 14 in Axes
  9680 | D:9      | Killed Maggie
  9743 | D:9      | Reached skill level 5 in Invocations
  9799 | D:9      | Found a snail-covered altar of Cheibriados.
  9799 | D:9      | Noticed a torpor snail
  9799 | D:9      | Noticed a torpor snail
  9799 | D:9      | Noticed a torpor snail
  9825 | D:9      | Noticed Maurice
  9991 | D:9      | Reached *** piety under Okawaru
 10048 | D:9      | Found a broken altar of Ashenzari.
 10095 | D:9      | Killed Maurice
 10110 | D:9      | Found a staircase to the Lair.
 10137 | D:9      | Reached XP level 11. HP: 68/91 MP: 15/15
 10394 | D:10     | Entered Level 10 of the Dungeon
 10454 | D:10     | Noticed a two-headed ogre
 10468 | D:10     | HP: 4/92 [two-headed ogre (17)]
 10470 | D:10     | Killed a two-headed ogre
 10735 | D:10     | Reached **** piety under Okawaru
 10796 | D:10     | Found a glowing golden altar of the Shining One.
 11076 | D:10     | Identified the ring "Gangebeg" {Dex+4 Slay+4}
 11102 | D:10     | HP: 2/78 [wight (6)]
 11103 | D:10     | Mangled by a wight

Illustrated notes

Levels and vault maps discovered:
D:1:      nagdon_arrival_double_spiral, layout_rooms,
          nicolae_concentric_dashed_squares_wild
D:2:      layout_basic, wad_orctagon
D:3:      layout_loops_corners, nicolae_ecumenical_pavilion,
          gup_sewer_entry_glass, uniq_grinder
D:4:      layout_basic, kennysheep_mini, tgw_xom, serial_curves, eino_curves_02,
          eino_curves_01, eino_curves_03, st_stairs_2, minmay_misc_feat_tower
D:5:      minmay_inner_zag, layout_loops_ring,
          mainiacjoe_overflow_surrounded_room, zin_purify, item_on_display_a
D:6:      layout_cave_pools, serial_shops, shop
D:7:      layout_rooms, minmay_temple_entry_arrows
D:8:      layout_rooms, nicolae_dithmenos_the_darkroom, serial_rivers,
          chequers_serial_rivers_micro_e, chequers_serial_rivers_micro_c,
          chequers_serial_rivers_micro_b, chequers_serial_rivers_small_3
D:9:      layout_rooms, cheibriados_altar_2, cheibrodos_ashenzari_chains,
          dpeg_oklobed_lair, uniq_maggie, uniq_maurice
D:10:     layout_cave_pools, mainiacjoe_overflow_six_doors_small,
          minmay_misc_feat_roman
Temple:   eino_narrow_crystal_temple

Skill      XL: |  1  2  3  4  5  6  7  8  9 10 11 |
---------------+----------------------------------+-----
Axes           | 3 4 5 7 8 9 11 13 14 | 14.0
Fighting       | 4 5 6 7 |  7.5
Armour         | 4 5 7 8 9 |  9.2
Shields        | 4 5 7 8 9 |  9.2
Invocations    | 2 6 7 |  7.1

Action                   |  1- 3 |  4- 6 |  7- 9 | 10-12 || total
-------------------------+-------+-------+-------+-------++-------
Melee: War axe           |    99 |   199 |   344 |   396 ||  1038
  Use: Scroll            |       |     5 |     5 |     4 ||    14
       Potion            |       |     2 |     5 |       ||     7
Armor: Scale mail        |    58 |   138 |   126 |       ||   322
       Skin              |       |       |    23 |       ||    23
       Plate armour      |       |       |    45 |   227 ||   272
Dodge: Dodged            |    50 |   105 |   104 |   124 ||   383
Block: Buckler           |    24 |    73 |    81 |   107 ||   285
